Construct Section Command Post
Selects Air and Sea Battlegroup
Construct Platoon Command Post
Selects Commando Section Paradrop
Commando Section Paradrop
Construct Field Infirmary
Construct Field Infirmary
Unlock Bishop Self-propelled Artillery
Bishop Self-propelled Artillery
6-pounder Anti-tank Gun Team
Construct Company Command Post
Unlock M3 Grant Medium Tanks
Selects Naval Bombardment
Commando Section Paradrop
Commando Section Paradrop
Commando Section Paradrop